 Dungeon Crawl Stone Soup version 0.28-a0-793-g31680bbd8b (webtiles) character file.

Game seed: 16282477156529361544

5 spiderkeys the Skirmisher (level 1, -20/14 HPs)
             Began as a Tengu Abyssal Knight on Nov 3, 2021.
             Was a Follower of Lugonu.
             Killed from afar by a ynoxinul (23 damage)
             ... with an iron shot
             ... on level 1 of the Abyss.
             The game lasted 00:00:35 (413 turns).

spiderkeys the Skirmisher (Tengu Abyssal Knight)     Turns: 413, Time: 00:00:36

Health: -20/14     AC:  3    Str: 13      XL:     1   Next: 80%
Magic:  3/3        EV: 11    Int: 10      God:    Lugonu [*.....]
Gold:   13         SH:  0    Dex: 10 (14) Spells: 0/0 levels left

rFire   . . .      SeeInvis .   a - +1 spear
rCold   . . .      Faith    .   (no shield)
rNeg    . . .      Spirit   .   b - +0 leather armour
rPois   .          Reflect  .   (helmet restricted)
rElec   .          Harm     .   (no cloak)
rCorr   +          Rampage  .   (no gloves)
Will    .....                   (boots unavailable)
Stlth   +.........              (no amulet)
HPRegen 0.04/turn               R - ring of resist corrosion
MPRegen 0.08/turn               (no ring)

@: no status effects
A: beak, talons 3
a: Renounce Religion, Depart the Abyss


You were on level 1 of the Abyss.
You worshipped Lugonu.
Lugonu was aware of your devotion.
You visited 0 branches of the dungeon, and saw 0 of its levels.
You visited the Abyss 1 time.

You collected 13 gold pieces.


Innate Abilities, Weirdness & Mutations

You have a beak for a mouth.
You have claws for feet.


   Skills:
 + Level 3.1 Fighting
 + Level 2.3 Polearms
 - Level 2.1 Armour
 + Level 1.3 Dodging
 + Level 1.7 Invocations


You couldn't memorise any spells.
You didn't know any spells.
Your spell library was empty.

Inventory:

Hand Weapons
 a - a +1 spear (weapon)
Armour
 b - a +0 leather armour (worn)
Jewellery
 R - a ring of resist corrosion (left hand)
   (You found it on level 1 of the Abyss)
Potions
 c - a potion of might {unknown}

Dungeon Overview and Level Annotations

Branches:
Dungeon (0/15)

Altars:

. . ..#
#.##
...#..#
.###
#.#.. #
# #..##
..#.#.
# .#..#
.#.##.
##.#
.### .#
.##.##
##.5# #
.. .
#555# .
.
###3##
#55@#
#####


You could see a ynoxinul, a quasit and 4 ufetubi.


Message History

You miss the ufetubus. You claw the ufetubus.
You kill the ufetubus!
Key pressed, stopping explore.
Key pressed, stopping explore.
Key pressed, stopping explore.
You are suddenly pulled into a different region of the Abyss! 😕 HP[+5]
You regained 5 hp, and now have 13/14 hp.
c - a glowing ruby potion 😎 HP[+1]
Your hp is fully restored (14).
R - a ring of resist corrosion
R - a ring of resist corrosion (left hand)
A small abomination comes into view.
A ynoxinul comes into view.
The ynoxinul bellows!
The ynoxinul gestures.
A quasit comes into view.
The ufetubus shouts!
The quasit gives a chilling moan.
The ufetubus shouts!
The quasit bites you.
The quasit claws you but does no damage.
The quasit misses you. 😕 HP[-1]
You take 1 damage, and now have 13/14 hp.
Unknown command.
The quasit misses you.
The quasit claws you but does no damage.
The quasit misses you.
The ynoxinul gestures.
You miss the quasit. Your peck misses the quasit.
The quasit barely misses you. x2
The quasit claws you but does no damage.
The quasit barely misses you.
The quasit claws you but does no damage.
The quasit barely misses you. 😎 HP[+1]
Your hp is fully restored (14).
You barely miss the quasit. The quasit bites you.
The quasit claws you but does no damage.
The quasit completely misses you. 😕 HP[-2]
You take 2 damage, and now have 12/14 hp.
You hit the quasit but do no damage. Your kick misses the quasit.
The quasit closely misses you. x2
The quasit claws you but does no damage.
You hit the quasit. Your kick misses the quasit. Your peck misses the quasit.
The quasit closely misses you. The quasit barely misses you.
The quasit closely misses you. x4
You hit the quasit. Your kick misses the quasit.
You peck the quasit, but do no damage. The quasit closely misses you.
The quasit barely misses you. The quasit claws you. 😕 HP[-1]
You take 1 damage, and now have 11/14 hp.
You closely miss the quasit. Your peck misses the quasit. The quasit bites you.
You feel clumsy. The quasit closely misses you.
The quasit claws you but does no damage. 😮 HP[-3]
You take 3 damage, and now have 8/14 hp.
MASSIVE DAMAGE!! (PAUSE)
You closely miss the quasit. Your kick misses the quasit.
Your peck misses the quasit.
The quasit bites you but does no damage.
The quasit claws you.
* * * LOW HITPOINT WARNING * * *
You feel clumsy.
The quasit claws you but does no damage. 😨 HP[-2]
You take 2 damage, and now have 6/14 hp.
You hit the quasit but do no damage. Your kick misses the quasit.
The quasit bites you but does no damage.
The quasit claws you.
* * * LOW HITPOINT WARNING * * *
You feel clumsy.
The quasit claws you but does no damage.
The quasit bites you.
* * * LOW HITPOINT WARNING * * *
You feel clumsy.
The quasit claws you but does no damage.
The quasit completely misses you.
You closely miss the quasit. 😨 HP[-2]
You take 2 damage, and now have 4/14 hp.
You closely miss the ynoxinul. You puncture the ynoxinul!
The ynoxinul closely misses you.
You hit the ynoxinul but do no damage. Your kick misses the ynoxinul.
The ynoxinul gestures.
Unknown command.
You closely miss the ynoxinul. Your kick misses the ynoxinul.
Your peck misses the ynoxinul. The ynoxinul closely misses you.
The ufetubus barely misses you. x2
You hit the ynoxinul but do no damage. Your kick misses the ynoxinul.
You peck the ynoxinul. The ufetubus completely misses you.
The ufetubus hits you.
* * * LOW HITPOINT WARNING * * *
The ynoxinul gestures at you. The iron shot hits you!!
Ouch! That really hurt!
You die...

Action                   || total
-------------------------++-------
Melee: Spear             ||    18
       Peck              ||     3
       Kick              ||     1
Armor: Leather armour    ||    13
Dodge: Dodged            ||    29

Levels and vault maps discovered:
Abyss:1:  base: Temple, base:
Temple

Notes
Turn   | Place    | Note
-------+----------+-------------------------------------------
     0 | Abyss:1  | spiderkeys the Tengu Abyssal Knight began the quest for the
                  | Orb.
     0 | Abyss:1  | Reached XP level 1. HP: 14/14 MP: 3/3
     0 | Abyss:1  | magus.rc [v1.9.10]
    50 | Abyss:1  | Found a corrupted altar of Lugonu.
   345 | Abyss:1  | Noticed a small abomination
   384 | Abyss:1  | Noticed a ynoxinul
   385 | Abyss:1  | Noticed a quasit
   413 | Abyss:1  | HP: 3/14 [ufetubus[a ynoxinul] (1)]
   413 | Abyss:1  | Killed from afar by a ynoxinul

Vanquished Creatures
  An ufetubus (Abyss:1)
1 creature vanquished.

Table legend:
 A = Non-vault XP
 B = Vault XP
 C = Vault XP percentage of total XP
 D = Non-vault monster count
 E = Vault monster count
 F = Vault count percentage of total count
                 A         B        C        D         E       F
            +---------+---------+-------+---------+---------+-------
      Total |       8 |       0 |   0.0 |       1 |       0 |   0.0
            +---------+---------+-------+---------+---------+-------
    Abyss:1 |       8 |       0 |   0.0 |       1 |       0 |   0.0
            +---------+---------+-------+---------+---------+-------

Illustrated notes

Table legend:
 A = Kills in this place as a percentage of kills in entire the game.
 B = Kills by you in this place as a percentage of kills by you in the entire game.
 C = Kills by friends in this place as a percentage of kills by friends in the entire game.
 D = Other kills in this place as a percentage of other kills in the entire game.
 E = Experience gained in this place as a percentage of experience gained in the entire game.
 F = Experience gained in this place divided by the number of levels of this place that you have seen.
                   A       B       C       D       E      F
               +-------+-------+-------+-------+-------+----------------------
         Total | 100.0 | 100.0 |   N/A |   N/A | 100.0 |   8.0
         Abyss | 100.0 | 100.0 |   N/A |   N/A | 100.0 |   8.0
               +-------+-------+-------+-------+-------+----------------------

Table legend: (Time is in decaauts)
 A = Elapsed time spent in this place.
 B = Non-inter-level travel time spent in this place.
 C = Inter-level travel time spent in this place.
 D = Time resting spent in this place.
 E = Time spent auto-exploring this place.
 F = Levels seen in this place.
 G = Mean time per level.
                   A        B        C        D        E       F      G
               +--------+--------+--------+--------+--------+-----+--------+
         Total |    412 |    412 |      0 |      0 |    333 |   1 |  412.0 |
         Abyss |    412 |    412 |      0 |      0 |    333 |   1 |  412.0 |
               +--------+--------+--------+--------+--------+-----+--------+

Top non-repeatable levels by time:
 Abyss:1: 412 daAuts
